 Dungeon Crawl Stone Soup version 0.30-a0-726-gd89dcf765f (webtiles) character file.

Game seed: 3373146592009637360

28 BaabKaare the Ruffian (level 2, -4/23 HPs)
             Began as a Draconian Transmuter on Jan 29, 2023.
             Succumbed to Terence's poison
             ... on level 2 of the Dungeon.
             The game lasted 00:02:16 (951 turns).

BaabKaare the Ruffian (Draconian Transmuter)         Turns: 951, Time: 00:02:17

Health: -4/23      AC:  4    Str: 12    XL:     2   Next: 96%
Magic:  4/5        EV: 12    Int: 13    God:
Gold:   81         SH:  0    Dex: 11    Spells: 4/5 levels left

rFire   . . .      SeeInvis .      - Unarmed
rCold   . . .      Faith    .    (no shield)
rNeg    . . .      Spirit   .    (body armour unavailable)
rPois   .          Reflect  .    (helmet currently unavailable)
rElec   .          Harm     .    (no cloak)
rCorr   .          Rampage  .    (no gloves)
Will    .....                    (boots currently unavailable)
Stlth   +                        (no amulet)
HPRegen 0.23/turn                (no ring)
MPRegen 0.09/turn                (no ring)

@: lethally poisoned (-4 -> -26), appendages
A: horns 2, talons 2, AC +4, unfitting armour, cold-blooded
a: End Transformation


You were on level 2 of the Dungeon.
You had temporarily grown beastly horns and talons.
You visited 1 branch of the dungeon, and saw 2 of its levels.

You collected 81 gold pieces.

Inventory:

Jewellery
 o - a ring of resist corrosion
Scrolls
 h - a scroll of magic mapping {unknown}
 j - a scroll of torment {unknown}
 k - 2 scrolls of identify {unknown}
 l - 2 scrolls of immolation {unknown}
 m - a scroll of teleportation {unknown}
Potions
 a - a potion of lignification
 b - 2 potions of might {unknown}
 c - 3 potions of attraction {unknown}
 d - a potion of magic {unknown}
 e - a potion of curing {unknown}
 f - a potion of haste {unknown}
 g - a potion of heal wounds {unknown}
 i - a potion of mutation {unknown}
 n - a potion of resistance {unknown}


   Skills:
 + Level 1.3 Fighting
 + Level 1.9 Dodging
 + Level 3.4 Unarmed Combat
 + Level 2.2 Spellcasting
 + Level 2.5 Transmutations


You had 4 spell levels left.
You knew the following spells:

 Your Spells              Type           Power      Damage    Failure   Level
a - Beastly Appendage     Tmut           14%        N/A       9%          1

Your spell library contained the following spells:

 Spells                   Type           Power      Damage    Failure   Level
 Wereblood                Tmut           7%         N/A       14%         2
 Spider Form              Tmut/Pois      4%         N/A       41%         3
 Ice Form                 Ice/Tmut       4%         N/A       83%         4


Dungeon Overview and Level Annotations

Branches:
Dungeon (2/15)

Altars:

Annotations:
D:2 Terence


Innate Abilities, Weirdness & Mutations

You have temporarily grown beastly horns and talons.
Your plain brown scales are hard. (AC +4)
You cannot fit into any form of body armour.
You are cold-blooded and may be slowed by cold attacks.


Message History

Casting: Beastly Appendage (safe; 9% risk of failure)
Confirm with . or Enter, or press ? or * to list all spells.
You grow a pair of large bovine horns.
Your feet morph into talons.
Found 15 gold pieces.
n - a fizzy golden potion Your transformation is almost over.
There is an escape hatch in the ceiling here.
Found a blackened garnet ring.
You now have 81 gold pieces (gained 15).
o - a ring of resist corrosion Your horns disappear.
Your talons disappear.
Terence and a ball python come into view.
Terence is wielding a +1 flail of venom.
Found a scroll labelled JARGHU ICSEUKU and 5 stones.
Terence shouts!
You closely miss Terence.
The ball python hisses angrily.
You tail-slap Terence, but do no damage.
Terence hits you with a +1 flail of venom!
Casting: Beastly Appendage (safe; 9% risk of failure)
Confirm with . or Enter, or press ? or * to list all spells.
You grow a pair of large bovine horns.
Your feet morph into talons.
Terence barely misses you.
You hit Terence but do no damage. You claw Terence.
Your headbutt misses Terence.
Terence is lightly wounded.
Terence hits you with a +1 flail of venom!
* * * LOW HITPOINT WARNING * * *
You are lethally poisoned!
You hit Terence but do no damage.
Terence is lightly wounded.
* * * LOW HITPOINT WARNING * * *
You feel very sick.
A quokka comes into view.
Terence closely misses you. Terence attacks as you move away!
Terence hits you with a +1 flail of venom.
* * * LOW HITPOINT WARNING * * *
You are more poisoned.
You die...

#..........# #.#
#....
#..........#####.#
#....
........<........#
#....
.........#########
#....
..................
#....
..........########
#.... ..........#
#)...
.#.[.....#####
#....
.........@..#
#####
#.......###@#
######### S# # ..
. ... . r... .
....? . ...(.. . .


You could see Terence.

Vanquished Creatures
  3 bats (D:1)
  5 endoplasms (D:1)
  4 goblins (D:1)
  3 hobgoblins (D:1)
  A quokka (D:2)
  4 kobolds (D:1)
  2 rats (D:1)
22 creatures vanquished.

Notes
Turn   | Place    | Note
-------+----------+-------------------------------------------
     0 | D:1      | BaabKaare the Draconian Transmuter began the quest for the
                  | Orb.
     0 | D:1      | Reached XP level 1. HP: 16/16 MP: 3/3
   213 | D:1      | Reached XP level 2. HP: 21/23 MP: 3/5
   946 | D:2      | Noticed Terence
   951 | D:2      | HP: 1/23 [Terence/+1 flail of venom (3)]
   951 | D:2      | Succumbed to Terence's poison

Illustrated notes

Levels and vault maps discovered:
D:1:      amcnicky_arrival_flooded_fountain, layout_rooms, nrook_loot_triangle,
          chequers_serial_rivers_large_a
D:2:      layout_basic, uniq_terence

Action                     || total
---------------------------++-------
  Melee: Unarmed           ||    49
         Kick              ||    10
         Headbutt          ||     7
         Tailslap          ||     6
         Punch             ||     1
   Cast: Beastly Appendage ||    14
 Armour: Skin              ||    16
  Dodge: Dodged            ||    50

Table legend: (Time is in decaauts)
 A = Elapsed time spent in this place.
 B = Non-inter-level travel time spent in this place.
 C = Inter-level travel time spent in this place.
 D = Time resting spent in this place.
 E = Time spent auto-exploring this place.
 F = Levels seen in this place.
 G = Mean time per level.
                   A        B        C        D        E       F      G
               +--------+--------+--------+--------+--------+-----+--------+
         Total |    963 |    911 |     52 |    194 |    456 |   2 |  481.5 |
       Dungeon |    963 |    911 |     52 |    194 |    456 |   2 |  481.5 |
               +--------+--------+--------+--------+--------+-----+--------+

Top non-repeatable levels by time:
     D:1: 855 daAuts
     D:2: 107 daAuts
